AoeStats
← Crotovich

Arena

508588569Analyzed
2v2 RM · 9d ago on Sep 23, 2026· 45m 48s· 4 players
Game mode
Random Map
Map size
Medium (4 player)
Population
200
Speed
Normal
Resources
Standard
Victory
Conquest
Starting age
Dark Age
Ending age
Imperial Age
RankedLock teamsTeams togetherTeam positionsShared explorationLock speedFull tech treeHidden civsTurbo modeCheats
Victory
Defeat
🇲🇽 Koreans · Mexico
821
+13
🇲🇽 Magyars · Mexico
817
+13
🇦🇷 Danes · Argentina
775
-13
🇦🇷 Burgundians · Argentina
742
-14
Crotovich
10:28 Feudal Age
14:14 Scale Barding Armor
15:13 Double-Bit Axe
15:39 Loom
18:34 Castle Age
17:52 Horse Collar
21:23 Bow Saw
21:15 Cavalier
21:59 Husbandry
26:18 Chain Barding Armor
28:02 Forging
30:32 Iron Casting
40:19 Imperial Age
44:15 Two-Man Saw
46:20 Plate Barding Armor
46:18 Fortified Wall
Duskah7769
3:07 Loom
9:47 Feudal Age
11:07 Wheelbarrow
10:17 Double-Bit Axe
16:21 Castle Age
14:23 Arson
15:04 Stone Mining
21:00 Fervor
22:08 Horse Collar
23:57 Heavy Plow
24:09 Bow Saw
26:51 Stone Shaft Mining
26:08 Gold Mining
26:35 Hand Cart
26:42 Redemption
28:10 Town Watch
30:44 Gold Shaft Mining
32:51 Imperial Age
30:49 Caravan
30:53 Squires
31:44 Forging
32:34 Scale Mail Armor
33:09 Iron Casting
33:32 Chain Mail Armor
34:11 Conscription
33:26 Northmen's Fury
37:00 Blast Furnace
37:28 Fletching
38:10 Plate Mail Armor
38:35 Elite Jomsviking
39:47 Bodkin Arrow
41:39 Hamask
44:40 Siege Engineers
45:39 Chemistry
44:41 Bracer
Cronos6667550
10:13 Feudal Age
11:27 Horse Collar
11:35 Double-Bit Axe
11:42 Gold Mining
16:02 Loom
18:54 Castle Age
17:52 Stone Mining
18:47 Fletching
20:16 Bow Saw
20:08 Heavy Plow
20:29 Bodkin Arrow
22:40 Wheelbarrow
23:02 Crossbowman
25:36 Thumb Ring
31:21 Hand Cart
32:07 Forging
31:57 Scale Mail Armor
35:59 Iron Casting
35:40 Chain Mail Armor
37:43 Ballistics
38:50 Gold Shaft Mining
38:55 Stone Shaft Mining
41:15 Imperial Age
39:20 Squires
41:57 Bracer
42:28 Plate Mail Armor
41:23 Elite Fire Lancer
41:26 Arbalester
JCHANTR3S
11:34 Feudal Age
10:03 Loom
12:45 Horse Collar
12:55 Double-Bit Axe
16:43 Castle Age
23:57 Heavy Plow
25:30 Wheelbarrow
24:52 Stone Mining
26:49 Bow Saw
27:27 Corvinian Army
28:04 Gold Mining
29:02 Hand Cart
29:33 Town Watch
30:03 Scale Barding Armor
32:11 Chain Barding Armor
34:43 Imperial Age
33:04 Town Patrol
34:47 Elite Magyar Huszar
35:30 Recurve Bow
35:00 Heavy Scorpion
36:39 Plate Barding Armor
39:19 Scale Mail Armor
39:19 Padded Archer Armor
39:10 Fletching
43:53 Pikeman
43:54 Man-at-Arms
45:55 Chemistry
45:15 Ballistics
Connection lost

Rejoining the realm…

Still unreachable

The connection could not be restored.

Session expired

The server has moved on; the page needs a fresh start.